 Dungeon Crawl Stone Soup version 0.26.1-11-gd32895ea62 (webtiles) character file.

Game seed: 847329423420637149

166658 dtburroughs the Severer (level 17, 0/158 HPs)
             Began as a Minotaur Berserker on May 12, 2021.
             Was an Elder of Trog.
             Slain by a redback (15 damage)
             ... on level 3 of the Spider Nest on May 13, 2021.
             The game lasted 02:29:17 (46255 turns).

dtburroughs the Severer (Minotaur Berserker)       Turns: 46255, Time: 02:29:17

Health: 0/158      AC:  0    Str: 29    XL:     17   Next: 30%
Magic:  16/16      EV: 18    Int:  9    God:    Trog [****..]
Gold:   2919       SH:  0    Dex: 11    Spells: 16/16 levels left

rFire    + + +     SeeInvis .   B - +3 battleaxe (freeze)
rCold    . . .     Faith    .   (shield currently unavailable)
rNeg     . . .     Spirit   .   U - +4 scale mail of Sloth {rF++ Str+4 Stlth+}
rPois    .         Reflect  .   (helmet restricted)
rElec    .         Harm     .   F - +2 cloak
rCorr    .         Rampage  .   D - +2 pair of gloves
Will     +....                  q - +0 pair of boots
Stlth    +++.......             (no amulet)
HPRegen  0.36/turn              V - ring of stealth
MPRegen  0.15/turn              Z - ring "Miplah" {rF+ Int+2 Stlth+}

@: lethally poisoned (0 -> -80), corroded
A: retaliatory headbutt, horns 2
a: Renounce Religion, Berserk, Trog's Hand, Brothers in Arms


You were on level 3 of the Spider Nest.
You worshipped Trog.
Trog was greatly pleased with you.
You visited 4 branches of the dungeon, and saw 26 of its levels.

You collected 2919 gold pieces.

Inventory:

Hand Weapons
 k - a +8 demon whip of venom
 u - a +4 antimagic broad axe
 B - a +3 battleaxe of freezing (weapon)
 J - the +1 broad axe of the Ego {flame, Str+5}
   (Trog gifted it to you on level 2 of the Orcish Mines)

   It has been specially enchanted to burn those struck by it, causing extra
   injury to most foes and up to half again as much damage against particularly
   susceptible opponents.
   Big, fiery blades are also staple armaments of hydra-hunters.
   It affects your strength (+5).
 T - a +6 executioner's axe of flaming
Armour
 q - a +0 pair of boots (worn)
 w - a +0 ring mail of willpower
 D - a +2 pair of gloves (worn)
 E - the +2 scale mail "Obiraov" {+Fly rC+ Stlth+}
   (You found it on level 6 of the Dungeon)

   It protects you from cold.
   It lets you fly.
   It makes you more stealthy.
 F - a +2 cloak (worn)
 H - a +4 plate armour
 U - the +4 scale mail of Sloth (worn) {rF++ Str+4 Stlth+}
   (You found it on level 2 of the Spider Nest)

   It affects your strength (+4).
   It greatly protects you from fire.
   It makes you more stealthy.
 W - a +2 kite shield
Jewellery
 S - a +4 ring of evasion
 V - a ring of stealth (left hand)
 Z - the ring "Miplah" (right hand) {rF+ Int+2 Stlth+}
   (You found it on level 3 of the Lair of Beasts)

   [ring of stealth]

   It affects your intelligence (+2).
   It protects you from fire.
   It makes you more stealthy.
Wands
 a - a wand of polymorph (5)
 f - a wand of digging (4)
 I - a wand of acid (8) (quivered)
 K - a wand of flame (3)
 M - a wand of random effects (10)
 Q - a wand of disintegration (36)
 Y - a wand of paralysis (10)
Scrolls
 c - a scroll of summoning {unknown}
 d - 12 scrolls of magic mapping
 i - 11 scrolls of teleportation
 l - 7 scrolls of enchant armour
 n - 5 scrolls of remove curse
 v - 2 scrolls of amnesia {unknown}
 x - 3 scrolls of fog
 z - 3 scrolls of immolation
 A - a scroll of vulnerability {unknown}
 C - 3 scrolls of fear
 N - 2 scrolls of silence {unknown}
 O - a scroll of blinking {unknown}
 P - 2 scrolls of holy word
Potions
 b - 6 potions of lignification
 e - 8 potions of mutation
 g - a potion of experience {unknown}
 h - 3 potions of might
 j - 3 potions of resistance
 m - 2 potions of invisibility {unknown}
 o - 9 potions of curing
 p - a potion of heal wounds
 r - a potion of haste {unknown}
 s - 3 potions of attraction
 t - a potion of ambrosia {unknown}
 y - 2 potions of magic {unknown}
 G - a potion of cancellation {unknown}
Miscellaneous
 L - a tin of tremorstones (2/2)
 R - a tin of tremorstones (2/2)
 X - a phantom mirror


   Skills:
 + Level 16.1 Fighting
 + Level 16.1 Axes
 + Level 15.9 Armour
 + Level 14.7 Dodging
 * Level 12.0 Shields
 + Level 12.0 Evocations


You had 16 spell levels left.
You didn't know any spells.
Your spell library was empty.

Dungeon Overview and Level Annotations

Branches:
Dungeon (15/15)            Temple (0/1) D:7            Lair (6/6) D:9
 Shoals (0/4) Lair:3       Spider (3/4) Lair:3        Slime (0/5) Lair:5
    Orc (2/2) D:9             Elf (0/3) Orc:2        Vaults (0/5) D:13
 Depths (0/5) D:15

Altars:
Cheibriados
Dithmenos
Fedhas
Gozag
Makhleb
Nemelex Xobeh
Okawaru
Ru
Sif Muna
Uskayaw
Vehumet
Yredelemnul
Beogh

Shops:
D:7 }   Orc:2 **?*

Annotations:
D:4 2 transporters, Splishie's ghost, weakling DrVM
D:10 2 transporters


Innate Abilities, Weirdness & Mutations

You reflexively headbutt those who attack you in melee.
You have a pair of horns on your head.


Message History

You feel very sick. The redback bites you.
You are more poisoned.
The redback poisons you!
* * * LOW HITPOINT WARNING * * *
You feel extremely sick. The redback completely misses you.
You completely miss the redback. Your headbutt misses the redback.
You closely miss the redback. You barely miss the redback.
* * * LOW HITPOINT WARNING * * *
You feel very sick. The redback bites you.
* * * LOW HITPOINT WARNING * * *
The redback bites you!
* * * LOW HITPOINT WARNING * * *
The redback barely misses you. The redback completely misses you.
* * * LOW HITPOINT WARNING * * *
You feel extremely sick. The redback misses you. The redback bites you!
You die...

#............^...........
#...............^........
#^........^....#.........
#...^..#..#..s.....#.....
#.............^..#....#.(
#...^^................^#.
#..#...#..............#..
#.....ss......#........
##.)...@s....#...†..#^..
##.......^...###..#..###.
#.<.........## ####### ##
#..........##
##......^### ##......[#
#^## #.......## ...#
#.......# ...##
#...^...##....###..#


You could see an orb spider (charged) and 3 redbacks.

Vanquished Creatures
  Kirke (Lair:6)
  A stone giant (Orc:2)
  Azrael (Spider:3)
  An entropy weaver (Spider:3)
  A spark wasp (Spider:1)
  An ogre mage (D:13)
  14 hydras
  5 boulder beetles
  Erica (D:9)
  5 catoblepae
  6 dancing weapons (Spider:2)
  3 centaur warriors
  3 tengu warriors
  4 two-headed ogres
  13 death yaks
  2 skeletal warriors (D:15)
  A flayed ghost (D:15)
  A wizard (D:15)
  Pikel (D:8)
  A deep elf mage (D:10)
  A phantasmal warrior (D:13)
  A necromancer (D:15)
  20 ugly things
  8 orc knights (Orc:2)
  13 orb spiders
  A stone giant zombie (D:15)
  3 oklob plants (Lair:6)
  An orc sorcerer (Orc:1)
  25 wolf spiders
  A frost giant skeleton (D:15)
  4 manticores
  2 cyclopes
  24 elephants
  2 centaur zombies
  7 black mambas
  26 cane toads
  Maggie (D:8)
  A torpor snail (Lair:3)
  10 komodo dragons
  5 rime drakes
  2 freezing wraiths
  7 demonic crawlers
  A kobold demonologist (D:14)
  A merfolk (Lair:3)
  2 trolls
  3 tengu conjurers
  10 blink frogs
  14 jumping spiders
  3 polar bears
  2 hornets (D:10)
  8 dream sheep
  6 slime creatures
  A fire dragon skeleton (D:15)
  67 yaks
  24 tarantellas
  5 wyverns
  51 redbacks
  2 wraiths
  5 hogs (Lair:6)
  5 basilisks
  3 fire elementals
  Menkaure (D:5)
  7 wargs
  4 vampire mosquitoes
  An acid dragon (D:13)
  A soldier ant (D:10)
  23 water moccasins
  A tengu zombie (D:15)
  Duvessa (D:4)
  4 hell hounds
  47 orc warriors
  An ice beast (D:10)
  3 phantoms
  2 sky beasts
  5 black bears
  11 ogres
  An eye of draining (D:13)
  15 centaurs
  31 wolves
  2 big kobolds
  Blork the orc (D:6)
  20 bullfrogs
  3 scorpions
  Dowan (D:4)
  A wyvern skeleton (D:13)
  8 wights
  4 howler monkeys
  2 electric eels (Lair:1)
  12 hounds
  3 jellies
  A quasit (D:8)
  A bullfrog zombie (D:11)
  19 orc priests
  2 gnoll shamans
  2 bullfrog skeletons
  8 centaur skeletons
  Jessica (D:2)
  7 hell rats
  Ijyb (D:4)
  Terence (D:3)
  3 iguanas
  30 orc wizards
  15 worker ants
  A hound zombie (D:8)
  A hound skeleton (D:4)
  2 howler monkey zombies (D:7)
  Robin (D:2)
  11 gnolls
  A worker ant zombie (D:6)
  19 adders
  A hound simulacrum (D:10)
  2 shadow imps
  2 white imps (D:8)
  3 ufetubi
  3 worms
  2 dart slugs (D:3)
  6 leopard geckos
  127 orcs
  3 giant cockroaches
  9 hobgoblins
  10 jackals
  3 quokkas
  A ball python (D:3)
  A ball python skeleton (D:5)
  5 bats
  3 frilled lizards
  14 goblins
  15 kobolds
  A leopard gecko skeleton (D:8)
  A quokka skeleton (D:6)
  7 rats
1006 creatures vanquished.

Vanquished Creatures (collateral kills)
  Mara (Spider:3)
  Jorgrun (Spider:2)
  A spark wasp (Spider:2)
  Snorg (D:10)
  Josephine (D:10)
  2 hydras
  A death knight (D:13)
  A dancing weapon (Spider:2)
  A wolf spider (Spider:2)
  2 elephants (Lair:1)
  A merfolk siren (Lair:3)
  2 black mambas (Lair:3)
  A demonic crawler (Spider:2)
  A freezing wraith (D:13)
  2 merfolk (Lair:3)
  2 jumping spiders (Spider:2)
  2 redbacks (Spider:2)
  A tarantella (Spider:2)
  A yak (Lair:1)
  A fire elemental (Spider:2)
  6 wraiths
  A bullfrog (Lair:3)
33 creatures vanquished.

Vanquished Creatures (others)
  A human (Lair:6)
  102 fungi
  129 plants
  2 withered plants (D:15)
234 creatures vanquished.

Grand Total: 1273 creatures vanquished

Notes
Turn   | Place    | Note
-------+----------+-------------------------------------------
     0 | D:1      | dtburroughs the Minotaur Berserker began the quest for the
                  | Orb.
     0 | D:1      | Reached XP level 1. HP: 19/19 MP: 0/0
   269 | D:1      | Reached XP level 2. HP: 25/27 MP: 1/1
   842 | D:1      | Reached XP level 3. HP: 22/33 MP: 2/2
  1278 | D:2      | Reached ** piety under Trog
  1349 | D:2      | Noticed Jessica
  1573 | D:2      | Killed Jessica
  1574 | D:2      | Reached XP level 4. HP: 41/41 MP: 3/3
  1599 | D:2      | Noticed Robin
  1612 | D:2      | Killed Robin
  2002 | D:3      | Found a basalt altar of Yredelemnul.
  2455 | D:3      | Found an opulent altar of Gozag.
  2517 | D:3      | Noticed Terence
  2523 | D:3      | Killed Terence
  2534 | D:3      | Reached XP level 5. HP: 42/47 MP: 4/4
  2768 | D:3      | Found a hide-covered altar of Uskayaw.
  3158 | D:4      | Reached skill level 5 in Axes
  3164 | D:4      | Reached skill level 5 in Fighting
  3274 | D:4      | Found a transporter.
  3334 | D:4      | Reached XP level 6. HP: 18/56 MP: 5/5
  3490 | D:4      | Reached *** piety under Trog
  3555 | D:4      | Found a transporter.
  3627 | D:4      | Noticed Splishie's ghost (weakling DrVM)
  3682 | D:4      | Noticed Ijyb
  3695 | D:4      | Killed Ijyb
  3729 | D:4      | Found a snail-covered altar of Cheibriados.
  3811 | D:4      | Noticed Dowan
  3837 | D:4      | Killed Dowan
  3856 | D:4      | Noticed Duvessa
  3868 | D:4      | Killed Duvessa
  3869 | D:4      | Reached skill level 5 in Armour
  3869 | D:4      | Reached XP level 7. HP: 9/62 MP: 6/6
  4120 | D:4      | Found a shimmering blue altar of Sif Muna.
  4218 | D:5      | Entered Level 5 of the Dungeon
  4259 | D:5      | Found a blossoming altar of Fedhas.
  4608 | D:5      | Reached skill level 5 in Dodging
  4786 | D:5      | Noticed Menkaure
  4796 | D:5      | Killed Menkaure
  5077 | D:5      | Reached skill level 1 in Evocations
  5077 | D:5      | Reached XP level 8. HP: 66/71 MP: 7/7
  5792 | D:6      | Noticed Blork the orc
  5803 | D:6      | Killed Blork the orc
  6375 | D:6      | Reached XP level 9. HP: 78/79 MP: 8/8
  6700 | D:6      | Reached **** piety under Trog
  6860 | D:6      | Got a translucent scale mail
  7040 | D:6      | Identified the +2 scale mail "Obiraov" {+Fly rC+ Stlth+}
                  | (You found it on level 6 of the Dungeon)
  7274 | D:7      | Found Ulaeshrae's Gadget Boutique.
  7699 | D:7      | Found a staircase to the Ecumenical Temple.
  7750 | D:7      | Found a sacrificial altar of Ru.
  8542 | D:8      | Found a radiant altar of Vehumet.
  8543 | D:8      | Noticed a two-headed ogre
  8557 | D:8      | Noticed Maggie
  8558 | D:8      | Killed a two-headed ogre
  8559 | D:8      | Reached XP level 10. HP: 42/90 MP: 9/9
  8765 | D:8      | Killed Maggie
  8827 | D:8      | Noticed Pikel
  8843 | D:8      | Killed Pikel
  8855 | D:8      | Reached skill level 5 in Evocations
  9271 | D:8      | Found a sparkling altar of Nemelex Xobeh.
  9792 | D:9      | Noticed Erica
  9803 | D:9      | Killed Erica
  9817 | D:9      | Reached ***** piety under Trog
  9877 | D:9      | Reached skill level 10 in Axes
  9966 | D:9      | Reached skill level 10 in Fighting
 10169 | D:9      | Found a staircase to the Orcish Mines.
 10259 | D:9      | Found a staircase to the Lair.
 10301 | D:9      | Found a burning altar of Makhleb.
 10577 | D:10     | Entered Level 10 of the Dungeon
 10650 | D:10     | Reached XP level 11. HP: 99/99 MP: 10/10
 10959 | D:10     | Reached skill level 10 in Armour
 11028 | D:10     | Noticed a deep elf mage
 11043 | D:10     | Killed a deep elf mage
 11439 | D:10     | Noticed a centaur warrior
 11449 | D:10     | Killed a centaur warrior
 11702 | D:10     | Got a steaming scale mail
 11741 | D:10     | Noticed Snorg
 11752 | D:10     | Killed Snorg
 12239 | D:10     | Noticed a two-headed ogre
 12239 | D:10     | Noticed a centaur warrior
 12445 | D:10     | Noticed Josephine
 12458 | D:10     | Killed Josephine
 12642 | D:10     | Noticed a deep elf mage
 12764 | D:10     | Found a transporter.
 12764 | D:10     | Found a transporter.
 12939 | Lair:1   | Entered Level 1 of the Lair of Beasts
 12961 | Lair:1   | Identified the cursed +1 scale mail of Jumuqan {rF- Str+4}
                  | (You found it on level 10 of the Dungeon)
 13174 | Lair:1   | Reached skill level 10 in Dodging
 13393 | Lair:1   | Reached XP level 12. HP: 82/110 MP: 11/11
 15131 | Lair:2   | Noticed a seven-headed hydra
 15256 | Lair:1   | Killed an eight-headed hydra
 15761 | Lair:1   | Received a gift from Trog
 16373 | Lair:2   | Noticed a five-headed hydra
 16658 | Lair:2   | Killed a five-headed hydra
 16974 | Lair:2   | Reached XP level 13. HP: 109/119 MP: 12/12
 18836 | Lair:3   | Found a staircase to the Shoals.
 19062 | Lair:3   | Found a hole to the Spider Nest.
 20154 | Lair:3   | Received a gift from Trog
 21633 | Lair:3   | Reached XP level 14. HP: 126/129 MP: 13/13
 21872 | Lair:3   | Got a pitted lead ring
 23201 | Lair:4   | Reached skill level 10 in Evocations
 24924 | Lair:5   | Identified the ring "Miplah" {rF+ Int+2 Stlth+} (You found
                  | it on level 3 of the Lair of Beasts)
 25842 | Lair:5   | Found a staircase to the Slime Pits.
 25904 | Lair:6   | Entered Level 6 of the Lair of Beasts
 25919 | Lair:6   | Received a gift from Trog
 26129 | Lair:6   | Reached skill level 1 in Shields
 26310 | Lair:6   | Found the +2 cloak of the Thief {*Fog Slay-2 SInv Stlth+}
 26861 | Lair:6   | Noticed Kirke
 26871 | Lair:6   | Killed Kirke
 27763 | Lair:6   | Reached XP level 15. HP: 114/139 MP: 14/14
 28655 | Lair:6   | Reached skill level 5 in Shields
 30503 | D:12     | Received a gift from Trog
 31594 | D:13     | You fall into a shaft and drop 2 floors!
 31594 | D:15     | Entered Level 15 of the Dungeon
 31598 | D:14     | Found a shadowy altar of Dithmenos.
 32469 | D:13     | Found a gate to the Vaults.
 33205 | D:13     | Reached skill level 15 in Axes
 33617 | D:14     | Reached skill level 15 in Fighting
 35267 | D:15     | Reached skill level 15 in Armour
 35305 | D:15     | Found a staircase to the Depths.
 35461 | D:15     | Reached XP level 16. HP: 149/149 MP: 15/15
 35468 | D:15     | Found an iron altar of Okawaru.
 36232 | Orc:1    | Entered Level 1 of the Orcish Mines
 36572 | Orc:2    | Entered Level 2 of the Orcish Mines
 36845 | Orc:2    | Found a staircase to the Elven Halls.
 36888 | Orc:2    | Found a roughly hewn altar of Beogh.
 37259 | Orc:2    | Found Irhafro's Assorted Antiques.
 37259 | Orc:2    | Found Neenagaj's Assorted Antiques.
 37558 | Orc:2    | Found a roughly hewn altar of Beogh.
 37739 | Orc:2    | Received a gift from Trog
 37745 | Orc:2    | Got an ancient broad axe {god gift}
 37746 | Orc:2    | Identified the +1 broad axe of the Ego {flame, Str+5} (Trog
                  | gifted it to you on level 2 of the Orcish Mines)
 37777 | Orc:2    | Reached ****** piety under Trog
 38569 | Orc:2    | Found Moheb's Assorted Antiques.
 38569 | Orc:2    | Found Jeso's Magic Scroll Shoppe.
 38993 | Spider:1 | Entered Level 1 of the Spider Nest
 39497 | Spider:1 | Reached skill level 10 in Shields
 40130 | Spider:1 | Received a gift from Trog
 42852 | Spider:2 | Found a runed translucent door.
 44191 | Spider:2 | Received a gift from Trog
 44198 | Spider:2 | Reached XP level 17. HP: 154/158 MP: 16/16
 44206 | Spider:2 | Got a spiked scale mail
 44217 | Spider:2 | Identified the +4 scale mail of Sloth {rF++ Str+4 Stlth+}
                  | (You found it on level 2 of the Spider Nest)
 44282 | Spider:3 | Noticed Jorgrun
 44285 | Spider:3 | Noticed Azrael
 44426 | Spider:2 | Killed Jorgrun
 44943 | Spider:3 | Killed Azrael
 45110 | Spider:3 | Noticed Mara
 45115 | Spider:3 | Noticed dtburroughs's illusion
 45133 | Spider:3 | Killed Mara
 46255 | Spider:3 | Slain by a redback

Illustrated notes

Levels and vault maps discovered:
D:1:      nicolae_arrival_washed_ashore, layout_basic
D:2:      layout_rooms, uniq_jessica, uniq_robin
D:3:      layout_basic, nicolae_gozag_seed_capital, general_overflow_altar,
          yredelemnul_altar_generic, uniq_terence
D:4:      layout_basic, marbit_many_paths, lemuel_coloured_pillars_altar,
          gammafunk_ghost_stat_death, serial_bayou_pond_e, uniq_ijyb,
          uniq_duvessa
D:5:      layout_loops_ring, basic_altar, minmay_misc_feat_pillars,
          uniq_menkaure
D:6:      minmay_diamond_boxcup, layout_gridville, small_statue_intersection,
          kennysheep_generic_room_5, uniq_blork_the_orc
D:7:      layout_basic, nicolae_ru_awakened_eye, minmay_temple_entry_offerings,
          serial_shops, nicolae_shop_trees
D:8:      layout_cave_pools, kennysheep_mini_moat, vehumet_altar_wand_db,
          uniq_pikel, uniq_maggie
D:9:      layout_basic, nicolae_overflow_crystal_walls,
          due_lair_maze_entry_diamond, hiddenorc1_lemuel, uniq_erica
D:10:     gammafunk_the_bubble [the_bubble_gammafunk_plus_minus],
          layout_layer_cave, grunt_ministairs_15, minmay_shattered_shrine,
          uniq_josephine, uniq_snorg
D:11:     layout_gridville, gauntlet_entry_generic
D:12:     layout_grid_maze
D:13:     layout_grid_maze, david_vaults_2, minmay_misc_feat_cross,
          minmay_fractal_squares_diagonal_5
D:14:     layout_roguey, minmay_misc_feat_rows, basic_altar
D:15:     gammafunk_depths_entry_grave, layout_irregular_city, basic_altar
Lair:1:   layout_gridlike, beast_lair_carwin_2, lemuel_fruit_tree,
          serial_bayou_shore_b
Lair:2:   minmay_lair_venomous_thicket, layout_long_grid
Lair:3:   nzn_winding_woodlands_huge [nzn_winding_woodlands_5x15_zeroes,
          nzn_winding_woodlands_5x15_pockets,
          nzn_winding_woodlands_5x15_sawtooth,
          nzn_winding_woodlands_5x15_river_crossing,
          nzn_winding_woodlands_5x15_cabin, nzn_winding_woodlands_5x15_twine,
          nzn_winding_woodlands_5x15_pool, nzn_winding_woodlands_5x15_longhouse,
          nzn_winding_woodlands_5x15_split_checker,
          nzn_winding_woodlands_5x15_pathside_ponds,
          nzn_winding_woodlands_center_pierced_h,
          nzn_winding_woodlands_center_diamonds,
          nzn_winding_woodlands_15x15_killbox], layout_regular_city,
          elwin_shoals_entry_stream, nicolae_spider_entry_orb_guardian,
          st_stairs_9
Lair:4:   layout_cave_pods, infiniplex_staircase_pool, grunt_megastairs_5
Lair:5:   layout_small_grid, dpeg_slime_entry_corner
Lair:6:   evilmike_catoblepas_cave, layout_small_grid, serial_bayou_shore_b,
          grunt_megastairs_1, minmay_lair_oklob_chamber,
          infiniplex_staircase_pool_2, uniq_kirke
Spider:1: layout_spider_delve
Spider:2: cheibrodos_spider_deadly_dance
Spider:3: layout_spider_delve, uniq_jorgrun, uniq_mara, uniq_azrael
Orc:1:    layout_caves
Orc:2:    st_orc_town, layout_diamond_mine, nicolae_orc_lost_temple

Skill      XL: |  1  2  3  4  5  6  7  8  9 10 11 12 13 14 15 16 17 |
---------------+----------------------------------------------------+-----
Axes           | 4 5 6 7 9 10 11 12 13 14 15 16 | 16.1
Fighting       | 4 5 6 7 8 10 11 12 13 14 15 16 | 16.1
Armour         | 3 4 5 6 7 8 9 11 12 13 14 15 | 15.9
Dodging        | 3 4 5 6 7 8 10 11 12 13 14 | 14.7
Evocations     | 1 2 4 5 7 8 9 10 11 12 | 12.0
Shields        | 4 8 11 12 | 12.0

Action                   |  1- 3 |  4- 6 |  7- 9 | 10-12 | 13-15 | 16-18 || total
-------------------------+-------+-------+-------+-------+-------+-------++-------
Melee: Hand axe          |    76 |   135 |    30 |       |       |       ||   241
       Headbutt          |    16 |    15 |    66 |   128 |   368 |   189 ||   782
       Morningstar       |       |       |   267 |   352 |       |       ||   619
       Battleaxe         |       |       |       |   105 |       |    63 ||   168
       Demon whip        |       |       |       |    84 |   949 |   348 ||  1381
       Executioner's axe |       |       |       |       |   306 |       ||   306
       Broad axe         |       |       |       |       |       |   412 ||   412
Throw: Boomerang         |     5 |       |       |       |       |       ||     5
Invok: Berserk           |       |     2 |       |       |       |       ||     2
       Trog's Hand       |       |     3 |     4 |     9 |     7 |    12 ||    35
       Brothers in Arms  |       |       |       |     3 |     5 |     6 ||    14
Evoke: Wand              |       |       |       |     6 |    59 |    60 ||   125
       Tin of tremorston |       |       |       |       |       |     1 ||     1
  Use: Scroll            |       |       |     5 |     6 |    16 |     8 ||    35
       Potion            |       |       |       |       |     4 |    11 ||    15
 Stab: Paralysed         |       |       |       |    13 |       |     2 ||    15
       Distracted        |       |       |       |       |     1 |     1 ||     2
       Sleeping          |       |       |       |       |     2 |     4 ||     6
Armor: Animal skin       |    20 |       |       |       |       |       ||    20
       Leather armour    |       |    11 |       |       |       |       ||    11
       Scale mail        |       |    33 |    79 |   262 |   424 |   307 ||  1105
       Ring mail         |       |       |    61 |       |       |       ||    61
       Acid dragon scale |       |       |       |       |     1 |       ||     1
Dodge: Dodged            |    55 |    78 |   236 |   629 |  1119 |   544 ||  2661
Block: Kite shield       |       |       |       |       |   113 |   571 ||   684
